 Dungeon Crawl Stone Soup version 0.20.1-1-g8b1a95d (webtiles) character file.

231 Ladhar the Cudgeler (level 5, 0/41 HPs)
             Began as a Draconian Skald on Oct 24, 2017.
             Was an Initiate of Okawaru.
             Killed by nerve-wracking pain
             ... invoked by an orc priest
              (9 damage)
             ... on level 3 of the Dungeon.
             The game lasted 00:19:07 (2770 turns).

Ladhar the Cudgeler (Draconian Skald)               Turns: 2770, Time: 00:19:08

Health: 0/41       AC: 12    Str: 13 (14) XL:     5   Next: 73%
Magic:  6/8        EV: 12    Int: 12 (14) God:    Okawaru [......]
Gold:   90         SH:  0    Dex: 12 (14) Spells: 2/8 levels left

rFire    . . .     SeeInvis .   x - +2 mace (protect)
rCold    . . .     Gourm    .   (no shield)
rNeg     . . .     Faith    .   (armour unavailable)
rPois    .         Spirit   .   (helmet restricted)
rElec    .         Reflect  .   (no cloak)
rCorr    +         Harm     .   (no gloves)
MR       .....                  (no boots)
Stlth    +.........             (no amulet)
Regen    0.2/turn               l - +4 ring of dexterity
MPRegen  0.2/turn               w - ring of resist corrosion

@: protection aura
A: unfitting armour, cold-blooded, AC +5
a: Renounce Religion


You were on level 3 of the Dungeon.
You worshipped Okawaru.
Okawaru was noncommittal.
You were hungry.

You visited 1 branch of the dungeon, and saw 4 of its levels.

You collected 90 gold pieces.

Inventory:

Hand Weapons
 e - a cursed -1 dagger
 f - a cursed -2 blowgun
 h - a +3 whip
 p - a +2 dagger of draining
 r - a cursed +0 hunting sling
 x - a +2 mace of protection (weapon)
Missiles
 d - 39 poisoned needles
 n - 30 bolts
 s - 72 arrows
 z - 2 tomahawks (quivered)
Jewellery
 l - a +4 ring of dexterity (left hand)
 w - a ring of resist corrosion (right hand)
Scrolls
 g - a scroll of teleportation {unknown}
 t - a scroll of noise {unknown}
 u - a scroll of enchant weapon {unknown}
 v - a scroll of fog {unknown}
 y - 4 scrolls of remove curse {unknown}
Potions
 i - a potion of might {unknown}
 j - a potion of magic {unknown}
 k - a potion of degeneration
 m - 2 potions of curing {unknown}
 o - 3 potions of haste {unknown}
Books
 b - a book of Battle

   Spells                             Type                      Level
   a - Infusion                       Charms                       1
   b - Shroud of Golubria             Charms/Translocation         2
   c - Song of Slaying                Charms                       2
   d - Spectral Weapon                Hexes/Charms                 3
   e - Regeneration                   Charms/Necromancy            3
Comestibles
 a - 18 chunks of flesh
 c - 2 bread rations
 q - a royal jelly


   Skills:
 - Level 2.2 Fighting
 * Level 5.9 Maces & Flails
 - Level 2.1 Dodging
 + Level 0.4 Stealth
 - Level 2.0 Spellcasting
 - Level 2.8 Charms


You had 2 spell levels left.
You knew the following spells:

 Your Spells              Type           Power        Failure   Level  Hunger
a - Infusion              Chrm           #...         9%          1    ##.....
b - Regeneration          Chrm/Necr      #.........   43%         3    ####...
c - Shroud of Golubria    Chrm/Tloc      #.........   24%         2    ###....


Dungeon Overview and Level Annotations

Branches:
Dungeon (4/15)
 Temple: D:4-7

Altars:
Ashenzari
Fedhas
Hepliaklqana
Nemelex Xobeh
Okawaru
Ru
Xom


Innate Abilities, Weirdness & Mutations

Your plain brown scales are hard. (AC +5)
You cannot fit into any form of body armour.
You are cold-blooded and may be slowed by cold attacks.


Message History

The orc priest is lightly wounded.
The orc priest hits you but does no damage.
You hit the orc priest.
The orc priest is moderately wounded.
Your skin stops crawling.
The orc priest hits you with a whip.
* * * LOW HITPOINT WARNING * * *
The orc priest calls upon Beogh to heal the orc priest.
The orc priest's wounds heal themselves!
You hit the orc priest but do no damage.
The orc priest closely misses you.
You barely miss the orc priest.
You tail-slap the orc priest, but do no damage.
The orc priest closely misses you.
It was a potion of degeneration.
There was something very wrong with that liquid.
You feel weakened.
You feel dopey.
You feel clumsy.
The orc priest mumbles some strange prayers to Beogh against you.
Pain shoots through your body!
You die...

#################
#............@oo#
####.###.#########o#
#....# #.#########)#
#.##.###.........#o#
#.##.....#.#####.#.#
....<...###.## #o#
..#......#...# #.#
###.###.#.##.# #.# #
#.# #.#.##.# #.#


You could see 3 orc priests.

Vanquished Creatures
  2 orc wizards (D:3)
  Terence (D:2)
  Robin (D:2)
  3 adders
  An ooze (D:1)
  An adder skeleton (D:4)
  A worm (D:2)
  2 dart slugs
  2 leopard geckos
  9 orcs (D:3)
  3 bats
  4 giant cockroaches
  15 goblins
  7 hobgoblins
  6 jackals (D:2)
  3 quokkas
  10 frilled lizards
  7 kobolds
  5 rats
83 creatures vanquished.

Notes
Turn   | Place    | Note
-------+----------+-------------------------------------------
     0 | D:1      | Ladhar the Draconian Skald began the quest for the Orb.
     0 | D:1      | Reached XP level 1. HP: 17/17 MP: 3/3
   214 | D:1      | Reached XP level 2. HP: 8/24 MP: 5/5
   647 | D:1      | Reached skill level 3 in Maces & Flails
   762 | D:1      | Reached XP level 3. HP: 25/29 MP: 6/6
   807 | D:1      | Learned a level 3 spell: Regeneration
   811 | D:1      | Learned a level 2 spell: Shroud of Golubria
  1393 | D:2      | Noticed Robin
  1407 | D:2      | Killed Robin
  1407 | D:2      | Reached skill level 4 in Maces & Flails
  1431 | D:2      | Found a sacrificial altar of Ru.
  1431 | D:2      | Found a blossoming altar of Fedhas.
  1434 | D:2      | Found a hazy altar of Hepliaklqana.
  1623 | D:2      | Noticed Terence
  1647 | D:2      | Killed Terence
  1647 | D:2      | Reached XP level 4. HP: 22/36 MP: 3/7
  1776 | D:2      | Found a shattered altar of Ashenzari.
  1778 | D:2      | Found a sparkling altar of Nemelex Xobeh.
  1779 | D:2      | Found an iron altar of Okawaru.
  1779 | D:2      | Found a shimmering altar of Xom.
  1818 | D:2      | Became a worshipper of Warmaster Okawaru
  2363 | D:2      | Reached skill level 5 in Maces & Flails
  2410 | D:3      | Reached XP level 5. HP: 40/41 MP: 8/8
  2770 | D:3      | Killed from afar by an orc priest

Skill      XL: |  1  2  3  4 |
---------------+-------------+-----
Maces & Flails | 3 4 5 |  5.9
Fighting       | |  2.2
Dodging        | |  2.1
Stealth        | |  0.4
Spellcasting   | |  2.0
Charms         | |  2.8

Action                   |  1- 3 |  4- 6 || total
-------------------------+-------+-------++-------
Melee: Mace              |    20 |   141 ||   161
       Tailslap          |    11 |    18 ||    29
       Whip              |   115 |       ||   115
 Cast: Regeneration      |     1 |     1 ||     2
  Use: Potion            |       |     1 ||     1
 Stab: Distracted        |       |     1 ||     1
  Eat: Chunk             |     2 |     4 ||     6
Armor: Skin              |    28 |    61 ||    89
Dodge: Dodged            |    70 |   114 ||   184
